 Dungeon Crawl Stone Soup version 0.25.1-2-g60ff931df9 (webtiles) character file.

Game seed: 18165742759812383015

396046 Lazav66 the Warrior (level 24, -9/204 HPs)
             Began as a Formicid Fighter on Oct 2, 2020.
             Was the Champion of Qazlal.
             Mangled by a spriggan defender
             ... wielding a +7 quick blade
              (25 damage)
             ... on level 4 of the Depths on Oct 3, 2020.
             The game lasted 03:01:57 (57890 turns).

Lazav66 the Warrior (Formicid Fighter)             Turns: 57890, Time: 03:01:57

Health: -9/204     AC: 29    Str: 22    XL:     24   Next: 30%
Magic:  31/44      EV: 19    Int: 12    God:    Qazlal [******]
Gold:   3890       SH: 23    Dex: 21    Spells: 21/23 levels left

rFire    + + +     SeeInvis +   P - +4 halberd (flame)
rCold    + + +     Gourm    .   c - +0 kite shield
rNeg     + . .     Faith    .   U - +3 chain mail {MR+}
rPois    .         Spirit   .   (helmet unavailable)
rElec    .         Reflect  .   N - +0 cloak
rCorr    .         Harm     .   u - +2 pair of gloves {Dex+3}
MR       ++++.                  V - +2 pair of boots of the Hunter {rF+ Int+3}
Stlth    ..........             r - amulet of regeneration
HPRegen  0.84/turn              v - ring of protection from magic
MPRegen  0.29/turn              a - ring "Myqumex" {rF++ rC+++ rN+ MP+9 Int-2}

@: protected from physical damage, repel missiles
A: permanent stasis, dig shafts and tunnels, four strong arms, antennae 3
}: 2/15 runes: decaying, gossamer
a: Dig, Shaft Self, Upheaval, Elemental Force, Disaster Area, Renounce Religion


You were on level 4 of the Depths.
You worshipped Qazlal.
Qazlal was exalted by your worship.
You were very hungry.

You visited 9 branches of the dungeon, and saw 41 of its levels.
You also visited: Ice Cave and Wizlab.

You collected 4095 gold pieces.
You spent 205 gold pieces at shops.

Inventory:

Hand Weapons
 b - a +4 halberd of freezing
 P - a +4 halberd of flaming (weapon)
 Z - a +0 bardiche
Armour
 c - a +0 kite shield (worn)
 p - a +2 plate armour
 u - a +2 pair of gloves of dexterity (worn)
 N - a +0 cloak (worn)
 O - the +1 chain mail "Amujoral" {+Blink rC+ Dex+3}
   (You found it on level 1 of the Lair of Beasts)

   It affects your dexterity (+3).
   It protects you from cold.
   It lets you blink.
 U - a +3 chain mail of magic resistance (worn)
 V - the +2 pair of boots of the Hunter (worn) {rF+ Int+3}
   (You found it on level 9 of the Dungeon)

   It affects your intelligence (+3).
   It protects you from fire.
Jewellery
 a - the ring "Myqumex" (right hand) {rF++ rC+++ rN+ MP+9 Int-2}
   (You acquired it on level 2 of the Orcish Mines)

   [ring of positive energy]

   It affects your intelligence (-2).
   It greatly protects you from fire.
   It renders you almost immune to cold.
   It protects you from negative energy.
   It affects your magic capacity (+9).
 d - the ring "Gaf Doxt" {MP+9 Slay+4}
   (You found it on level 4 of the Swamp)

   [ring of slaying]

   It affects your accuracy and damage with ranged weapons and melee attacks
   (+4).
   It affects your magic capacity (+9).
 i - an uncursed ring of fire
 r - an amulet of regeneration (around neck)
 v - a ring of protection from magic (left hand)
 w - an uncursed amulet of faith
 I - an uncursed ring of resist corrosion
 M - a +6 ring of intelligence
 Q - an uncursed ring of protection from fire
Wands
 T - a wand of digging (5)
Scrolls
 g - a scroll of brand weapon
 k - 7 scrolls of identify
 m - 11 scrolls of fear
 n - 12 scrolls of remove curse
 o - a scroll of enchant weapon
 s - 8 scrolls of magic mapping
 t - a scroll of amnesia
 x - 2 scrolls of summoning
 z - 7 scrolls of enchant armour
 C - 4 scrolls of holy word
 H - 6 scrolls of fog
 Y - a scroll of silence
Potions
 e - 7 potions of stabbing
 h - a potion of resistance
 j - 15 potions of curing
 l - 4 potions of flight
 q - 2 potions of might
 A - 4 potions of ambrosia
 B - a potion of cancellation
 F - 7 potions of lignification
 S - 3 potions of mutation
 X - 5 potions of heal wounds
Miscellaneous
 K - 3 phantom mirrors
Comestibles
 f - 61 rations


   Skills:
 + Level 20.2 Fighting
 + Level 19.4 Polearms
 + Level 17.6 Armour
 + Level 14.6 Dodging
 - Level 15.0 Shields
 - Level 5.0 Summonings
 - Level 5.0 Necromancy
 + Level 16.2 Invocations


You had 21 spell levels left.
You knew the following spells:

 Your Spells              Type           Power        Failure   Level  Hunger
a - Animate Skeleton      Necr           N/A          17%         1    ##.....
b - Summon Butterflies    Summ           ##......     17%         1    ##.....

Your spell library contained the following spells:

 Spells                   Type           Power        Failure   Level  Hunger
 Pain                     Necr           ##..         17%         1    ##.....
 Summon Small Mammal      Summ           ##..         17%         1    ##.....
 Call Imp                 Summ           ##......     26%         2    ###....
 Call Canine Familiar     Summ           ##......     45%         3    ####...
 Vampiric Draining        Necr           ##........   45%         3    ####...
 Apportation              Tloc           #.....       80%         1    ##.....
 Corona                   Hex            #......      80%         1    ##.....
 Foxfire                  Conj/Fire      #...         80%         1    ##.....
 Magic Dart               Conj           #...         80%         1    ##.....
 Sandblast                Erth           #.....       80%         1    ##.....
 Sting                    Tmut/Pois      #...         80%         1    ##.....
 Recall                   Summ/Tloc      N/A          82%         3    ####...
 Summon Guardian Golem    Hex/Summ       #.......     82%         3    ####...
 Animate Dead             Necr           N/A          86%         4    #####..
 Passwall                 Tmut/Erth      #.......     90%         2    ###....
 Poisonous Vapours        Pois/Air       #.....       90%         2    ###....
 Searing Ray              Conj           #.....       90%         2    ###....
 Conjure Flame            Conj/Fire      #.......     99%         3    ####...
 Dazzling Flash           Conj/Hex       #.....       99%         3    ####...
 Ignite Poison            Fire/Tmut/Pois #.......     99%         3    ####...
 Inner Flame              Hex/Fire       #.......     99%         3    ####...
 Mephitic Cloud           Conj/Pois/Air  #.......     99%         3    ####...
 Stone Arrow              Conj/Erth      #.....       99%         3    ####...
 Summon Ice Beast         Ice/Summ       #.......     99%         4    #####..
 Summon Lightning Spire   Summ/Air       #.......     99%         4    #####..
 Agony                    Necr           ##......     99%         5    ######.
 Fulminant Prism          Conj/Hex       #.........   100%        4    #####..
 Ice Form                 Ice/Tmut       #.......     100%        4    #####..
 Iskenderun's Mystic Bla  Conj/Tloc      #.......     100%        4    #####..
 Olgreb's Toxic Radiance  Pois           #.......     100%        4    #####..
 Petrify                  Tmut/Erth      #.......     100%        4    #####..
 Sticky Flame             Conj/Fire      #.......     100%        4    #####..
 Borgnjor's Vile Clutch   Necr/Erth      #.........   100%        5    ######.
 Fireball                 Conj/Fire      #.........   100%        5    ######.
 Lee's Rapid Deconstruct  Erth           #.........   100%        5    ######.
 Metabolic Englaciation   Hex/Ice        #.........   100%        5    ######.
 Summon Mana Viper        Hex/Summ       #.......     100%        5    ######.
 Death Channel            Necr           ##........   100%        6    #######
 Freezing Cloud           Conj/Ice/Air   #.........   100%        6    #######
 Ozocubu's Refrigeration  Ice            #.........   100%        6    #######
 Simulacrum               Ice/Necr       #.........   100%        6    #######
 Summon Hydra             Summ           ##........   100%        7    #######


Dungeon Overview and Level Annotations

Branches:
Dungeon (15/15)            Temple (1/1) D:4            Lair (6/6) D:9
  Swamp (4/4) Lair:4       Spider (4/4) Lair:2        Slime (0/5) Lair:5
    Orc (2/2) D:9             Elf (2/3) Orc:2        Vaults (4/5) D:14
  Crypt (0/3) Vaults:2     Depths (2/5) D:15          IceCv (visited)
 WizLab (visited)

Altars:
Ashenzari
Cheibriados
Dithmenos
Elyvilon
Fedhas
Gozag
Hepliaklqana
Kikubaaqudgha
Makhleb
Nemelex Xobeh
Okawaru
Qazlal
Ru
Sif Muna
Trog
Uskayaw
Vehumet
Wu Jian
Xom
Yredelemnul
Zin
The Shining One
Beogh
Jiyva

Shops:
D:5 %   D:8 [   D:9 }   Orc:2 !!(:   Elf:1 !   Elf:2 (   Vaults:1 *
Vaults:2 (   Vaults:4 [   Depths:1 }==%

Portals:
Hell: Depths:1
Abyss: Depths:1
Pandemonium: Orc:2 Depths:1
Ziggurat: Depths:2
Trove: D:10 (lose all piety)

Annotations:
D:11 3 runed translucent doors, sixsigma's ghost, journeyman MiMo
Lair:5 3 runed translucent doors, sixsigma's ghost, journeyman MiMo
Spider:1 2 transporters, zergursh's ghost, adept DrTm
Vaults:4 1 runed translucent door, Xafer's ghost, adept DsGl
Depths:4 the Enchantress


Innate Abilities, Weirdness & Mutations

You cannot be hasted, slowed, berserked, paralysed or teleported.
You can dig through walls and to a lower floor.
Your four strong arms can wield two-handed weapons with a shield.
You have a pair of large antennae on your head. (SInv)


Message History

You block the spriggan rider's attack.
A rakshasa comes into view. It is wielding a +2 trident of flaming.
You puncture the Enchantress! You burn the Enchantress.
The Enchantress is almost dead.
You block the spriggan defender's attack.
You block the Enchantress's attack.
You block the spriggan rider's attack. x2
The spriggan defender hits you with a +7 quick blade!
* * * LOW HITPOINT WARNING * * *
You feel more protected from physical attacks.
The Enchantress blocks your attack.
The Enchantress is almost dead.
You block the Enchantress's attack.
You block the spriggan defender's attack.
The boggart gestures wildly while chanting.
The boggart flickers and vanishes for a moment.
You block the Enchantress's attack. The Enchantress blocks your attack.
The Enchantress is almost dead.
The spriggan defender hits you with a +7 quick blade!!
You die...

{ {{ # +. #[.
#####.'######
P.....≈≈.ii[#
......g≈.§.@#
P....).≈[i§i#
#####.≈######
..{ { .. .


You could see the Enchantress (fast, repels missiles, invisible), a spriggan
defender, 2 spriggan riders and a boggart (invisible).

Vanquished Creatures
  Bai Suzhen (Swamp:3)
  Xtahua (Vaults:4)
  A golden dragon (Depths:1)
  A bone dragon (Vaults:2)
  A profane servitor (Depths:1)
  A tentacled monstrosity (Depths:2)
  A titan (Depths:2)
  2 sphinxes (Vaults:3)
  2 thorn hunters
  A storm dragon (Vaults:3)
  A shadow dragon (Depths:2)
  Roxanne (Swamp:4)
  3 tengu reavers
  5 ghost moths
  6 vault wardens
  A deep elf sorcerer (Vaults:3)
  4 frost giants
  10 emperor scorpions
  Aizul (Swamp:4)
  14 ironheart preservers
  4 spriggan defenders
  A reaper (IceCv)
  A vampire knight (Depths:2)
  A deep elf elementalist (Elf:1)
  7 entropy weavers
  9 very ugly things
  10 stone giants
  A deep elf demonologist (Elf:1)
  3 spark wasps
  Azrael (D:13)
  A deep elf annihilator (Vaults:2)
  Josephine (Orc:2)
  A quicksilver dragon zombie (Depths:2)
  A crystal guardian (Vaults:2)
  2 pearl dragon zombies (Depths:1)
  2 fire dragons
  4 ettins
  A deep elf high priest (Elf:1)
  5 yaktaur captains
  The ghost of LostGamesStreakFreak the Grappler, a journeyman TrMo of Fedhas (D:10)
  7 ice dragons
  2 vault guards
  Harold (D:9)
  9 rakshasas
  19 ogre magi
  2 ghost crabs
  21 hydras
  2 spriggan air magi
  2 death knights
  12 centaur warriors
  3 shambling mangroves
  The ghost of Cael the Grappler, a novice TrMo of Trog (D:9)
  42 two-headed ogres
  14 alligators
  11 deep troll earth magi
  A queen ant (Spider:3)
  3 hell hogs (Depths:1)
  7 deep troll shamans
  23 dancing weapons
  A spriggan berserker (Depths:2)
  9 orc high priests
  10 deep elf knights
  Nergalle (Orc:1)
  A soul eater (Orc:2)
  A sun demon (Orc:2)
  A hell knight (Depths:2)
  8 skeletal warriors
  2 unseen horrors (shapeshifter)
  2 iron trolls
  2 shadow wraiths
  3 wizards
  A spriggan druid (Swamp:3)
  2 torturous demonspawn (Orc:2)
  16 deep trolls
  14 swamp dragons
  A glowing orange brain (Vaults:4)
  19 orc knights
  An obsidian statue (Vaults:1)
  4 harpies (Vaults:2)
  14 deep elf archers
  11 ironbrand convokers
  2 flayed ghosts
  A wolf spider zombie (D:15)
  4 necromancers
  An oklob plant (D:10)
  12 orb spiders
  2 lindwurms (Lair:6)
  48 deep elf magi
  2 manticores
  A fire giant zombie (Vaults:3)
  7 orc sorcerers
  4 elephants (Lair:6)
  29 slime creatures
  25 wolf spiders
  38 ugly things
  8 cyclopes
  A frost giant zombie (Depths:2)
  A sphinx skeleton (Depths:2)
  2 tengu skeletons (Depths:2)
  2 elephants (shapeshifter)
  2 fire giant skeletons
  4 apis skeletons (Depths:1)
  4 centaur zombies
  2 guardian serpents (D:14)
  Joseph (D:10)
  6 black mambas
  17 vault sentinels
  A black mamba (shapeshifter) (Depths:2)
  A spriggan zombie (Depths:2)
  2 ice statues (IceCv)
  A smoke demon (Orc:1)
  An eye of devastation (shapeshifter) (Vaults:2)
  A torpor snail (Lair:4)
  7 molten gargoyles
  29 yaktaurs
  2 kobold demonologists (D:14)
  14 spiny frogs
  19 demonic crawlers
  4 freezing wraiths
  8 ice devils (IceCv)
  A queen bee (Lair:1)
  11 komodo dragons
  A troll (shapeshifter) (D:15)
  3 polar bears
  10 trolls
  24 hornets
  18 jumping spiders
  A harpy skeleton (D:15)
  12 hippogriffs
  A meliai (D:14)
  12 tyrant leeches
  8 bog bodies
  11 blink frogs
  8 dream sheep
  A blink frog (shapeshifter) (D:14)
  16 spriggans
  An air elemental (Elf:1)
  83 redbacks
  A spriggan skeleton (Depths:2)
  A spriggan (shapeshifter) (Vaults:3)
  6 shadows
  36 tarantellas
  A tarantella (shapeshifter) (Vaults:3)
  2 centaur simulacra
  49 yaks
  A yak (shapeshifter) (Depths:1)
  7 wraiths
  2 ynoxinuls (Orc:2)
  3 water elementals
  5 basilisks
  4 wyverns
  3 fire elementals
  2 steam dragons (Lair:6)
  A human simulacrum (Vaults:4)
  3 hungry ghosts
  10 vampire mosquitoes
  A chaos spawn (Orc:2)
  24 soldier ants
  4 wargs
  An elf simulacrum (Depths:2)
  10 swamp worms
  4 insubstantial wisps (Swamp:1)
  An acid dragon (Vaults:1)
  2 floating eyes (Elf:1)
  12 porcupines
  10 water moccasins
  5 hell hounds
  6 swamp drakes
  62 orc warriors
  An ettin simulacrum (Vaults:4)
  2 phantoms
  2 eyes of draining
  A black bear (D:10)
  4 ice beasts
  52 ogres
  3 sky beasts
  2 necrophages
  16 wolves
  15 centaurs
  10 boggarts
  A crocodile (shapeshifter) (Elf:1)
  14 crocodiles
  7 big kobolds (D:14)
  23 bullfrogs
  2 human zombies (Vaults:3)
  A wyvern zombie (D:14)
  An earth elemental (Elf:1)
  A human skeleton (Vaults:4)
  2 wyvern skeletons
  A scorpion (shapeshifter) (Vaults:2)
  33 scorpions
  A killer bee (shapeshifter) (Vaults:4)
  24 killer bees
  5 wights
  7 howler monkeys
  10 electric eels
  4 crimson imps
  5 lava snakes (Lair:6)
  2 bullfrog zombies
  A quasit (D:15)
  2 bullfrog skeletons
  6 hounds
  4 jellies
  30 orc wizards
  43 orc priests
  Natasha (thrice) (D:3)
  7 centaur skeletons
  26 worker ants
  An iguana (D:11)
  A killer bee zombie (D:9)
  2 bullfrog simulacra (D:10)
  A worker ant zombie (D:8)
  9 adders
  2 river rats (Lair:6)
  2 hound simulacra (D:10)
  6 shadow imps
  17 white imps
  A worker ant simulacrum (D:10)
  5 ufetubi (IceCv)
  5 oozes
  2 adder skeletons
  8 worms
  10 leopard geckos
  152 orcs
  A ball python (D:1)
  7 giant cockroaches
  10 goblins
  7 hobgoblins
  10 jackals
  10 kobolds
  6 quokkas
  4 bats (D:1)
  2 frilled lizards
  A leopard gecko skeleton (D:6)
  2 leopard gecko zombies
  A quokka skeleton (D:9)
  A quokka zombie (D:6)
  9 rats
  A briar patch (Swamp:4)
1908 creatures vanquished.

Vanquished Creatures (collateral kills)
  An entropy weaver (Spider:2)
  A spriggan druid (Swamp:4)
  A yaktaur (Vaults:4)
  A jumping spider (Spider:2)
  A redback (Spider:2)
  2 tarantellas (Spider:2)
  A wraith (D:10)
  A hungry ghost (D:10)
9 creatures vanquished.

Vanquished Creatures (others)
  A spriggan air mage (Depths:4)
  A dancing weapon (Elf:2)
  A spriggan druid (Swamp:4)
  A deep elf mage (Elf:2)
  A tyrant leech (Swamp:4)
  A water elemental (Elf:1)
  An ogre (Vaults:1)
  A bullfrog skeleton (D:11)
  3 white imps (IceCv)
  4 ufetubi (IceCv)
  An orc (Orc:1)
  A briar patch (Swamp:4)
  6 fungi
  8 plants
31 creatures vanquished.

Grand Total: 1948 creatures vanquished

Notes
Turn   | Place    | Note
-------+----------+-------------------------------------------
     0 | D:1      | Lazav66 the Formicid Fighter began the quest for the Orb.
     0 | D:1      | Reached XP level 1. HP: 18/18 MP: 1/1
    77 | D:1      | Reached XP level 2. HP: 24/24 MP: 2/2
   541 | D:1      | Reached XP level 3. HP: 29/29 MP: 3/3
  1006 | D:2      | Reached XP level 4. HP: 37/37 MP: 4/4
  1052 | D:2      | Found a blossoming altar of Fedhas.
  1897 | D:3      | Reached XP level 5. HP: 35/42 MP: 5/5
  1973 | D:3      | Reached skill level 4 in Fighting
  2433 | D:3      | Reached XP level 6. HP: 42/48 MP: 6/6
  2517 | D:3      | Found a blossoming altar of Fedhas.
  2592 | D:3      | Noticed Natasha
  2605 | D:3      | Killed Natasha
  3039 | D:3      | Noticed Natasha
  3046 | D:3      | Killed Natasha
  3115 | D:3      | Noticed Natasha
  3129 | D:3      | Killed Natasha
  3522 | D:4      | Reached skill level 5 in Shields
  3534 | D:4      | Found a staircase to the Ecumenical Temple.
  3579 | Temple   | Entered the Ecumenical Temple
  3763 | Temple   | Became a worshipper of Qazlal Stormbringer
  4041 | D:4      | Reached XP level 7. HP: 52/55 MP: 7/7
  4203 | D:5      | Entered Level 5 of the Dungeon
  4387 | D:4      | Reached skill level 5 in Polearms
  4419 | D:5      | Reached skill level 5 in Fighting
  4419 | D:5      | Reached skill level 5 in Armour
  4439 | D:5      | Got a crystal spear
  4440 | D:5      | Identified the +6 spear "Arev" {pain, rN+ Dex+3} (You found
                  | it on level 5 of the Dungeon)
  4579 | D:5      | Found Culueki's Food Boutique.
  4671 | D:5      | You fall into a shaft and drop 1 floor!
  4838 | D:6      | Reached XP level 8. HP: 62/62 MP: 8/8
  4966 | D:5      | Found a glowing drain.
  5005 | D:5      | Reached * piety under Qazlal
  5891 | D:7      | Noticed a hornet
  5917 | D:7      | Killed a hornet
  5917 | D:7      | Reached skill level 6 in Fighting
  5917 | D:7      | Reached XP level 9. HP: 31/69 MP: 9/9
  6118 | D:7      | HP: 2/71 [killer bee (6)]
  6365 | D:7      | Reached ** piety under Qazlal
  6704 | D:8      | Found Nuuxemiq's Armour Shoppe.
  6780 | D:8      | Reached skill level 7 in Fighting
  6879 | D:8      | Reached XP level 10. HP: 61/79 MP: 10/10
  7519 | D:9      | Found a shadowy altar of Dithmenos.
  7570 | D:9      | Found a runed translucent gate.
  7570 | D:9      | Found a runed translucent gate.
  7574 | D:9      | Found a runed translucent gate.
  7574 | D:9      | Noticed Cael's ghost (novice TrMo)
  7575 | D:9      | Identified the +12 long sword of Mastery {flame, rPois
                  | Dex+3}
  7576 | D:9      | Found a roughly hewn altar of Beogh.
  8024 | D:9      | Found Goejaheb's Gadget Boutique.
  8041 | D:9      | Reached skill level 8 in Fighting
  8070 | D:9      | HP: 4/80 [orc warrior/stone (10)]
  8237 | D:9      | Reached *** piety under Qazlal
  8307 | D:9      | Got a transparent chain mail
  8545 | D:9      | Found a staircase to the Lair.
  8673 | D:9      | Reached skill level 10 in Polearms
  8766 | D:9      | Reached XP level 11. HP: 86/87 MP: 11/11
  9110 | D:9      | Found a staircase to the Orcish Mines.
  9187 | D:10     | Entered Level 10 of the Dungeon
  9225 | D:10     | Noticed Joseph
  9251 | D:10     | Killed Joseph
  9257 | D:10     | Found a transporter.
  9261 | D:10     | Noticed LostGamesStreakFreak's ghost (journeyman TrMo)
  9263 | D:10     | Noticed a skeletal warrior
  9276 | D:10     | Reached **** piety under Qazlal
  9356 | D:10     | Noticed Harold
  9398 | D:9      | Killed Harold
  9398 | D:9      | Reached skill level 9 in Fighting
  9469 | D:9      | Identified the cursed +0 chain mail of Discretion {rC+}
                  | (You found it on level 9 of the Dungeon)
  9586 | D:10     | Found a stormy altar of Qazlal.
  9588 | D:10     | Found a transporter.
  9590 | D:10     | Noticed an oklob plant
  9701 | D:10     | Noticed a vault guard
  9733 | D:10     | Killed a vault guard
  9733 | D:10     | Reached skill level 10 in Shields
 10636 | D:10     | Found a portal to a secret trove of treasure.
 10874 | D:11     | Noticed a death knight
 10875 | D:11     | Found a runed translucent gate.
 10885 | D:11     | Noticed a two-headed ogre
 10973 | Lair:1   | Entered Level 1 of the Lair of Beasts
 11150 | Lair:1   | Got an encrusted chain mail
 11157 | Lair:1   | Reached XP level 12. HP: 96/96 MP: 12/12
 11171 | Lair:1   | Identified the cursed +1 chain mail "Amujoral" {+Blink rC+
                  | Dex+3} (You found it on level 1 of the Lair of Beasts)
 12249 | Lair:2   | Noticed an eight-headed hydra
 12274 | Lair:2   | Killed an eight-headed hydra
 12333 | Lair:2   | Reached skill level 10 in Armour
 12338 | Lair:2   | Reached skill level 10 in Fighting
 12988 | Lair:2   | Found a hole to the Spider Nest.
 13254 | Lair:3   | Noticed a five-headed hydra
 13270 | Lair:3   | Killed a five-headed hydra
 13270 | Lair:3   | Reached skill level 1 in Invocations
 13317 | Lair:3   | Found a shimmering altar of Xom.
 13330 | Lair:3   | Noticed a five-headed hydra
 13358 | Lair:3   | Killed a five-headed hydra
 13555 | Lair:3   | Reached XP level 13. HP: 102/104 MP: 14/14
 13645 | Lair:3   | Reached ***** piety under Qazlal
 14816 | Lair:4   | Found a staircase to the Swamp.
 15224 | Lair:5   | Reached skill level 11 in Fighting
 15418 | Lair:5   | Found a staircase to the Slime Pits.
 15852 | Lair:5   | Found a runed translucent gate.
 15852 | Lair:5   | Found a runed translucent gate.
 15852 | Lair:5   | Found a runed translucent gate.
 15854 | Lair:5   | Noticed a death ooze
 15855 | Lair:5   | Found a viscous altar of Jiyva.
 15855 | Lair:5   | Noticed sixsigma's ghost (journeyman MiMo)
 16120 | Lair:6   | Entered Level 6 of the Lair of Beasts
 16178 | Lair:6   | Reached skill level 5 in Invocations
 17261 | Lair:6   | Reached XP level 14. HP: 80/113 MP: 18/18
 17834 | Lair:6   | Found a large runed translucent door.
 17902 | Lair:6   | Learned a level 1 spell: Animate Skeleton
 17936 | Lair:6   | Found a large runed translucent door.
 18248 | Lair:6   | Reached skill level 1 in Necromancy
 19166 | D:9      | Killed Cael's ghost
 19262 | D:9      | Got a pair of twisted boots
 19279 | D:9      | Identified the +2 pair of boots of the Hunter {rF+ Int+3}
                  | (You found it on level 9 of the Dungeon)
 19685 | Orc:1    | Entered Level 1 of the Orcish Mines
 19927 | Orc:1    | Reached ****** piety under Qazlal
 20163 | Orc:1    | Noticed Nergalle
 20201 | Orc:1    | Killed Nergalle
 20556 | Orc:2    | Entered Level 2 of the Orcish Mines
 20664 | Orc:2    | Found Etiragid's Distillery.
 20999 | Orc:2    | Found a staircase to the Elven Halls.
 21026 | Orc:2    | Noticed Josephine
 21043 | Orc:2    | Killed Josephine
 21043 | Orc:2    | Reached skill level 12 in Fighting
 21241 | Orc:2    | Found Iveipnau's Distillery.
 21939 | Orc:2    | Bought a potion of heal wounds for 60 gold pieces
 21941 | Orc:2    | Bought a potion of heal wounds for 65 gold pieces
 22154 | Orc:1    | Reached XP level 15. HP: 14/120 MP: 13/20
 22909 | Orc:2    | Reached skill level 5 in Necromancy
 23063 | Orc:2    | Reached skill level 15 in Polearms
 23140 | Orc:2    | Found Rubag's Book Emporium.
 23140 | Orc:2    | Found a one-way gate leading to the halls of Pandemonium.
 23140 | Orc:2    | Found Otweodgh's Antique Weapon Shoppe.
 23835 | D:10     | Killed LostGamesStreakFreak's ghost
 23874 | D:10     | Got a crystal spear
 23875 | D:10     | Identified the +3 spear "Pendulum" {vorpal, rPois Int+4
                  | Dex+4} (You found it on level 10 of the Dungeon)
 24379 | D:11     | Learned a level 1 spell: Summon Butterflies
 24465 | D:11     | Found a runed translucent gate.
 24467 | D:11     | Found a runed translucent gate.
 24467 | D:11     | Found an opulent altar of Gozag.
 24467 | D:11     | Noticed sixsigma's ghost (journeyman MiMo)
 24520 | D:11     | Found a radiant altar of Vehumet.
 24740 | D:11     | Found a roughly hewn altar of Beogh.
 24876 | D:12     | Reached skill level 1 in Summonings
 25153 | D:12     | Found a frozen archway.
 25162 | IceCv    | Entered an ice cave
 25295 | IceCv    | Got a polished hat
 25390 | IceCv    | Noticed a reaper
 25408 | IceCv    | Killed a reaper
 25936 | D:12     | Reached XP level 16. HP: 129/129 MP: 22/22
 26394 | D:13     | Noticed Azrael
 26416 | D:13     | Killed Azrael
 27230 | D:14     | Reached skill level 13 in Fighting
 27352 | D:14     | Reached skill level 1 in Dodging
 27752 | D:14     | Reached skill level 5 in Summonings
 27875 | D:14     | Found a gate to the Vaults.
 28565 | D:15     | Entered Level 15 of the Dungeon
 28991 | D:15     | Found a staircase to the Depths.
 29128 | D:15     | Reached skill level 10 in Invocations
 29886 | Swamp:1  | Entered Level 1 of the Swamp
 29928 | Swamp:1  | Reached XP level 17. HP: 137/137 MP: 24/24
 30139 | Swamp:1  | Noticed a thorn hunter
 30244 | Swamp:1  | Killed a thorn hunter
 32513 | Swamp:3  | Noticed Bai Suzhen
 32537 | Swamp:3  | Killed Bai Suzhen
 33145 | Swamp:4  | Entered Level 4 of the Swamp
 33521 | Swamp:3  | Reached skill level 14 in Fighting
 33635 | Swamp:4  | Reached skill level 5 in Dodging
 33713 | Swamp:4  | Reached skill level 15 in Shields
 33825 | Swamp:4  | Reached XP level 18. HP: 146/146 MP: 26/26
 33931 | Swamp:4  | Noticed Aizul
 33962 | Swamp:4  | Killed Aizul
 34211 | Swamp:4  | Noticed Roxanne
 34253 | Swamp:4  | HP: 7/147 [tyrant leech[a spriggan druid] (15)]
 34539 | Swamp:4  | Killed Roxanne
 34730 | Swamp:4  | Found an iron altar of Okawaru.
 34757 | Swamp:4  | Got a scorched brass ring
 35122 | Swamp:4  | Got a decaying rune of Zot
 35416 | Spider:1 | Entered Level 1 of the Spider Nest
 35420 | Lair:2   | Identified the ring "Gaf Doxt" {MP+9 Slay+4} (You found it
                  | on level 4 of the Swamp)
 36007 | Spider:1 | Found a transporter.
 36020 | Spider:1 | Noticed zergursh's ghost (adept DrTm)
 36026 | Spider:1 | Found a transporter.
 36694 | Spider:2 | Reached skill level 15 in Fighting
 38083 | Spider:3 | Reached XP level 19. HP: 154/155 MP: 28/28
 40020 | Spider:4 | Entered Level 4 of the Spider Nest
 40957 | Spider:4 | Reached skill level 16 in Fighting
 41426 | Spider:4 | Reached skill level 15 in Armour
 42319 | Spider:4 | Got a gossamer rune of Zot
 42538 | Orc:2    | Identified a scroll of acquirement
 42539 | Orc:2    | Acquired the ring "Myqumex" {rF++ rC+++ rN+ MP+9 Int-2}
 42639 | Elf:1    | Entered Level 1 of the Elven Halls
 42760 | Elf:1    | Reached XP level 20. HP: 166/166 MP: 29/29
 42980 | Elf:1    | Found Urchity's Distillery.
 42986 | Elf:1    | Bought a potion of heal wounds for 80 gold pieces
 43313 | Elf:1    | Reached skill level 10 in Dodging
 44213 | Elf:2    | Found a runed translucent gate.
 44213 | Elf:2    | Found a runed translucent gate.
 44213 | Elf:2    | Found a runed translucent gate.
 44252 | Elf:2    | Found Leasonero's Antique Weapon Emporium.
 44702 | Elf:2    | Reached skill level 17 in Fighting
 45293 | Vaults:1 | Entered Level 1 of the Vaults
 46125 | Vaults:1 | Reached XP level 21. HP: 166/174 MP: 31/31
 46149 | Vaults:1 | Found Qualipty's Assorted Antiques.
 48053 | Vaults:2 | Reached skill level 18 in Fighting
 48798 | Vaults:2 | Found Kunorok's Weapon Emporium.
 48879 | Vaults:2 | Reached XP level 22. HP: 180/184 MP: 32/32
 48883 | Vaults:2 | Noticed a bone dragon
 48918 | Vaults:2 | Killed a bone dragon
 49030 | Vaults:2 | Found a staircase to the Crypt.
 49684 | Vaults:3 | Identified the +1 scale mail of Vikluyll {rN+ Int+6 Dex-5}
 50905 | Vaults:3 | Reached skill level 15 in Invocations
 51399 | Vaults:4 | Found a magical portal.
 51406 | WizLab   | Entered Iskenderun's Mystic Tower
 51497 | Vaults:4 | Reached skill level 19 in Fighting
 52351 | Vaults:4 | Reached XP level 23. HP: 187/194 MP: 34/34
 52397 | Vaults:4 | Noticed Xtahua
 52427 | Vaults:4 | Killed Xtahua
 53258 | Vaults:4 | Found Paxtavel's Armour Shop.
 53397 | Vaults:4 | Found a runed translucent door.
 53398 | Vaults:4 | Noticed Xafer's ghost (adept DsGl)
 53688 | Depths:1 | Entered Level 1 of the Depths
 53806 | Depths:1 | Found a gateway to Hell.
 53923 | Depths:1 | Found a one-way gate to the infinite horrors of the Abyss.
 54149 | Depths:1 | Found a basalt altar of Yredelemnul.
 54149 | Depths:1 | Noticed a profane servitor
 54182 | Depths:1 | Killed a profane servitor
 54241 | Depths:1 | Found Impayz's Food Emporium.
 54285 | Depths:1 | Found Miroah's Gadget Emporium.
 54285 | Depths:1 | Found Filoob's Jewellery Boutique.
 54286 | Depths:1 | Found Owoasir's Jewellery Boutique.
 54978 | Depths:2 | Noticed a golden dragon
 55014 | Depths:1 | Killed a golden dragon
 55926 | Depths:2 | Reached skill level 20 in Fighting
 56091 | Depths:2 | Reached XP level 24. HP: 201/204 MP: 34/34
 57134 | Depths:2 | Found a gateway to a ziggurat.
 57819 | Depths:2 | You fall into a shaft and drop 2 floors!
 57827 | Depths:4 | Identified the +2 giant club "Conservator" {speed, Int+2
                  | Stlth+}
 57827 | Depths:4 | Identified the cursed +3 giant club "ETAOIN SHRDLU" {flame,
                  | Str+2 Int+4 Stlth+}
 57866 | Depths:4 | Noticed the Enchantress
 57890 | Depths:4 | Mangled by a spriggan defender

Illustrated notes

Levels and vault maps discovered:
D:1:      heliophobic_arrival_glass_houses, layout_basic, minmay_tromino_v2
D:2:      layout_basic, fedhas_ov_isle_minmay
D:3:      layout_rooms, old_standard_altar, uniq_natasha
D:4:      layout_loops_ring, minmay_temple_entry_slanted, first_ration
D:5:      layout_gridville, cheibrodos_sewer_entry_bend, serial_shops, shop
D:6:      layout_layer_cave
D:7:      layout_rooms, the_bakery, fountainhead, kennysheep_windowed_goal
D:8:      layout_basic, serial_shops, shop, chequers_serial_rivers_small_a
D:9:      layout_basic, minmay_lair_entry_grove, erik_orc_2, serial_shops, shop,
          biasface_ghost_orc_armoury, grunt_dithmenos_shadows
D:10:     layout_long_grid, gammafunk_ghost_mausoleum, serial_ice, serial_ice_o,
          serial_ice_i, serial_ice_g, serial_ice_c, serial_ice_h, serial_ice_e,
          serial_ice_m, serial_ice_d, enter_trove_5, lemuel_oklob_altar,
          uniq_joseph, uniq_harold
D:11:     layout_gridville, basic_altar, ebering_ghost_gozag, special_room
          [special_room_orc], minmay_circle_x
D:12:     layout_loops_ring, portal_ice_cave_entry_pillars_2, minivault_8
D:13:     layout_loops_ring, uniq_azrael
D:14:     minmay_bubble_buster, layout_basic,
          hangedman_vaults_entry_quadrant_bands, enter_bailey_3,
          lemuel_nasty_fountain
D:15:     hangedman_depths_entry_civil_slaughter, layout_loops_cross,
          hangedman_decor_peaks_small, serial_bayou, serial_bayou_crossing,
          serial_bayou_pond_c, serial_bayou_pond_c, serial_bayou_ford_a,
          nrook_guardian_serpent_double
Temple:   nicolae_temple_the_god_donut
Lair:1:   layout_misc_corridors, special_room [special_room_bee]
Lair:2:   layout_regular_city, spider_nest_entry_funnel_web, lemuel_fruit_tree,
          serial_bayou_shore_a
Lair:3:   layout_long_grid, basic_altar, infiniplex_staircase_pool
Lair:4:   layout_gridlike, swamp_mist, gauntlet_entry_generic
Lair:5:   layout_regular_city, nicolae_slime_entry_slimehenge,
          gammafunk_ghost_ooze
Lair:6:   cheibrodos_lair_end_hotspot, layout_big_grid,
          nicolae_volcano_entry_vermiform, pond
Swamp:1:  layout_basic_swamp, evilmike_swamp_ruin_rubble_2
Swamp:2:  layout_falls_marsh, hangedman_swamp_ruin_wall
Swamp:3:  layout_basic_swamp, nicolae_swamp_round_clearing, swamp_pool2,
          uniq_bai_suzhen
Swamp:4:  swamp_basic_johnstein, layout_basic_swamp, lemuel_altar_in_water,
          uniq_roxanne, uniq_aizul
Spider:1: layout_spider_delve, gammafunk_ghost_berserking_beasts
Spider:2: layout_spider_delve, hangedman_spider_trapstep
Spider:3: spiders_nest_a, minivault_29
Spider:4: guppyfry_spider_rune
Orc:1:    layout_caves, nicolae_orc_crystal_geode, uniq_nergalle
Orc:2:    pf_orc_diabolical, layout_diamond_mine, uniq_josephine
Elf:1:    minmay_elf_arrival_summoners, layout_geoelf_octagon, serial_shops,
          nicolae_shop_crystal, kennysheep_underground_church,
          onia_ninara_cookie
Elf:2:    layout_geoelf_diagonals, serial_shops, shop
Vaults:1: vaults_dpeg_ring, nicolae_vaults_network_s, nicolae_vaults_triangles,
          nicolae_vaults_alarming, v_rooms_3, ontoclasm_vaults_claustrophobia,
          nicolae_vaults_statue_guard, vaults_room_pool, v_rooms_1,
          ontoclasm_vaults_hangar, vaults_room_hallway, ontoclasm_vaults_hangar,
          nicolae_vaults_mini_display_case, nicolae_vaults_theta,
          layout_vaults_omnigrid, serial_glass, serial_shops, shop
Vaults:2: vaults_standard_mumra_x, nicolae_vaults_little_squares_2,
          ontoclasm_vaults_eye, nicolae_vaults_back_hallway, v_misc_33,
          vaults_room_corners, nicolae_vaults_little_ls, v_rooms_5,
          vaults_room_door_hall, layout_vaults_maze,
          minmay_crypt_entry_nasty_monster, serial_shops, shop_fountains
Vaults:3: ontoclasm_vaults_twist, hangedman_vaults_pinch,
          nicolae_vaults_c_with_doors, v_misc_3, v_misc_12,
          vaults_room_door_hall, v_misc_14, v_misc_5,
          nicolae_vaults_shelves_hall, ontoclasm_vaults_idyll,
          vaults_room_corners, layout_vaults_big_room
Vaults:4: gammafunk_vaults_ghost_grave, nicolae_vaults_asterisk,
          vaults_mumra_hex, nicolae_vaults_inception_scallops,
          hangedman_vaults_slice, v_rooms_5, vaults_standard_mumra_lines,
          nicolae_vaults_three_branches, vaults_dpeg_cross,
          nicolae_vaults_little_squares_1, ontoclasm_vaults_ligature,
          layout_vaults_omnicross, serial_shops, shop,
          infiniplex_enter_wizlab_glasses, uniq_xtahua
Depths:1: layout_long_grid, hangedman_abyss_entry_splay,
          chequers_serial_rivers_micro_e, serial_shops,
          nicolae_shop_competitors_out_of_business,
          pf_vacation_house_of_asmodeus, pan_entry, hangedman_blasphemy,
          minmay_shop_grove
Depths:2: minmay_complete_graph, layout_basic, enter_ziggurat_c,
          lightli_too_deep, hangedman_abyss_or_decor_passed,
          minmay_misc_feat_more_columns, grunt_ministairs_4,
          minmay_misc_feat_tower, minmay_alternating_orb
Depths:4: spriggan_forest, abyss_entry, hell_entry, pan_entry

Skill      XL: |  1  2  3  4  5  6  7  8  9 10 11 12 13 14 15 16 17 18 19 20 21 22 23 24 |
---------------+-------------------------------------------------------------------------+-----
Shields        | 4 5 6 7 9 10 11 12 13 14 15 | 15.0
Polearms       | 3 4 5 7 8 10 11 12 13 14 15 16 17 18 19 | 19.4
Fighting       | 4 5 6 7 8 9 10 11 12 13 14 15 16 17 18 19 20 | 20.2
Armour         | 4 5 6 7 8 9 10 11 12 13 14 15 16 17 | 17.6
Invocations    | 2 5 7 8 10 11 12 13 14 15 16 | 16.2
Necromancy     | 4 5 |  5.0
Summonings     | 3 5 |  5.0
Dodging        | 3 5 7 9 11 12 13 14 | 14.6

Action                   |  1- 3 |  4- 6 |  7- 9 | 10-12 | 13-15 | 16-18 | 19-21 | 22-24 || total
-------------------------+-------+-------+-------+-------+-------+-------+-------+-------++-------
Melee: Trident           |   113 |   254 |    27 |       |       |       |       |       ||   394
       Spear             |       |       |   331 |  1037 |  2037 |       |       |       ||  3405
       Halberd           |       |       |       |       |   232 |  1660 |  1921 |  1615 ||  5428
       Scythe            |       |       |       |       |       |    31 |       |       ||    31
Invok: Upheaval          |       |       |       |     2 |     7 |     2 |       |     3 ||    14
       Elemental Force   |       |       |       |       |     3 |     5 |     1 |     2 ||    11
       Disaster Area     |       |       |       |       |       |     3 |       |     1 ||     4
Evoke: Wand              |       |       |     2 |     2 |       |     1 |       |       ||     5
  Use: Scroll            |       |       |     3 |     8 |    11 |     3 |    11 |       ||    36
       Potion            |       |       |     2 |     1 |     1 |     5 |       |     1 ||    10
 Stab: Paralysed         |       |       |     1 |       |       |       |       |       ||     1
       Distracted        |       |       |       |       |       |     1 |       |     1 ||     2
       Held in net/web   |       |       |       |       |       |       |     3 |       ||     3
  Eat: Chunk             |     1 |     7 |     8 |    12 |    38 |    24 |    12 |    23 ||   125
       Ration            |       |     1 |       |     3 |     1 |     5 |     7 |     2 ||    19
Armor: Scale mail        |    29 |    64 |   104 |    74 |       |       |       |       ||   271
       Chain mail        |       |       |       |   135 |   144 |       |   114 |   316 ||   709
       Plate armour      |       |       |       |       |   229 |   134 |       |       ||   363
       Swamp dragon scal |       |       |       |       |       |   357 |   195 |       ||   552
Dodge: Dodged            |    25 |    56 |   113 |   146 |   166 |   532 |   484 |   373 ||  1895
       Repelled          |       |       |       |     1 |     8 |    21 |    28 |    14 ||    72
Block: Kite shield       |    41 |    98 |    41 |   379 |  1255 |  1471 |  1418 |  1130 ||  5833
       Buckler           |       |       |    71 |   113 |       |       |       |       ||   184
